Unix NetHack Version 5.0.0-0 post-release - last build May 31 2026 23:59:36 (970b52f25bf058293b47ddfd14a1e40e571c508c,branch:main).

Game began 2026-06-09 13:57:50, ended 2026-06-09 17:24:12.

ARFwashere, lawful male dwarven Archeologist

                             #                             ----------------
                      -------.---                          |..(...........|
                      |.........|                          |..@......!....|
                      |.........-#(#(#                     ...............|
            +##((###(#..........|                          ---|------------
                      ------.----                             d
                            #                                 ##
                         ##%#                                  #####
                         #                                         #
                         #                                         #
                       --|-|-  0##############              -------|-
                       |..(.|            # ###           ###.^......|
                       |...^.#####   ----.---.---     ####  |%....%.|
                       |.>..|    #   |........<.|   ###     |.)...>.|
                       |....|    ####...........-####       |*..[...|
                       ------        |..........|           |[......|
                                     ------------           ---------

ARFwashere the Field Worker  St:13 Dx:13 Co:12 In:14 Wi:14 Ch:10  Lawful
Dlvl:4  $:47 HP:0(28) Pw:11(11) AC:3  Xp:3 T:2715  Burdened

Latest messages:
 The wererat hits the little dog.
 The little dog misses the wererat.
 You don't know any spells right now.
 You lash the wererat.
 The wererat summons help!
 A giant rat suddenly appears next to you!
 The wererat thrusts his runed dagger.
 The wererat hits!
 The little dog bites the wererat.
 The wererat is killed!
 You fall down the stairs.
 You hear the wailing of the Banshee...
 What do you want to eat? [dtDEGIKP or ?*] ?
 What do you want to eat? [dtDEGIKP or ?*] <enter>
 Never mind.
 What do you want to wield? [- ay or ?*] ?
 What do you want to wield? [- ay or ?*] <enter>
 Never mind.
 What do you want to eat? [dtDEGIKP or ?*] ?
 This cram ration is bland.
 The little dog drops a rock.
 You finish eating the cram ration.
 What do you want to eat? [dtDEGIKP or ?*] ?
 It is not so easy to open this tin.
 You hear a D note squeak in the distance.
 You succeed in opening the tin.
 It smells like homunculi.
 Eat it? [yn] (n) y
 You consume homemade homunculus.
 You climb up the stairs.
 The little dog misses the giant rat.
 The giant rat bites!
 The little dog misses the giant rat.
 You miss the giant rat.
 The little dog bites the giant rat.
 The giant rat bites the little dog.
 The giant rat bites!
 The little dog bites the giant rat.
 The giant rat is killed!
 Your little dog eats a giant rat corpse.
 You have a little trouble lifting b - a runed dagger.
 You have a little trouble lifting z - a carrot.
 You hear some noises in the distance.
 It hits!
 You die...
 Do you want your possessions identified? [ynq] (y) y
 Do you want to see your attributes? [ynq] (y) n
 Do you want an account of creatures vanquished? [ynaq] (y) n
 Do you want to see your conduct and achievements? [ynq] (y) y
 Do you want to see the dungeon overview? [ynq] (y) n

Inventory:
 Coins    ('$')
  $ - 47 gold pieces
 Weapons  (')')
  y - a +1 dart
  b - a +0 elven dagger
  a - a +2 bullwhip (weapon in right hand)
 Armor    ('[')
  r - an uncursed +0 orcish helm (being worn)
  q - an uncursed +0 cloak of displacement (being worn)
  s - an uncursed +0 elven mithril-coat (being worn)
 Comestibles  ('%')
  z - an uncursed carrot
  I - an uncursed clove of garlic
  P - an uncursed cram ration
  d - 4 uncursed food rations
  E - 2 uncursed pears
  K - an uncursed sprig of wolfsbane
  D - an uncursed rotten tin of newt meat
  G - an uncursed tin of spinach
 Scrolls  ('?')
  j - an uncursed scroll of confuse monster
  A - an uncursed scroll of earth
  v - an uncursed scroll of enchant weapon
  k - a blessed scroll of light
  R - a blessed scroll of teleportation
 Potions  ('!')
  O - a blessed potion of booze
  M - an uncursed potion of booze
  H - an uncursed potion of fruit juice
  o - an uncursed potion of healing
  N - an uncursed potion of water
 Rings    ('=')
  w - an uncursed ring of warning
 Wands    ('/')
  x - a wand of make invisible (0:6)
 Tools    ('(')
  h - an uncursed sack containing 1 item
  Q - an uncursed mirror
  i - an uncursed oil lamp
  f - a tinning kit (0:77)
  m - an uncursed wax candle
 Gems/Stones  ('*')
  g - an uncursed touchstone

Contents of the sack:
  a +0 pick-axe

ARFwashere the Archeologist's attributes:

Background:
 You were a Field Worker, a level 3 male dwarven Archeologist.
 You were lawful, nominally on a mission for Quetzalcoatl
 who was opposed by Camaxtli (neutral) and Huhetotl (chaotic).
 You were right-handed.
 You were in the Dungeons of Doom, on level 4.
 You entered the dungeon 2715 turns ago.
 You had 75 experience points, 5 more were needed to attain level 4.

Basics:
 You had 0 out of 28 hit points.
 You had all 11 energy points (spell power).
 Your armor class was 3.
 Your wallet contained 47 zorkmids.
 Autopickup was on for '$' plus thrown.

Final Characteristics:
 Your strength was 13 (limit:18/100).
 Your dexterity was 13 (limit:20).
 Your constitution was 12 (limit:20).
 Your intelligence was 14 (limit:16).
 Your wisdom was 14 (limit:16).
 Your charisma was 10 (limit:16).

Final Status:
 You weren't hungry.
 You were burdened; movement was slightly slowed.
 You were wielding a whip.
 You had basic skill with whip.

Final Attributes:
 You were piously aligned.
 You were telepathic.
 You had automatic searching.
 You had infravision.
 You were displaced.
 You were guarded.
 You are dead.

Miscellaneous:
 You didn't encounter any bones levels.
 Total elapsed playing time was 1 hour, 11 minutes and 55 seconds.

Major events:
 Turn
    1: ARFwashere the lawful male dwarven Archeologist entered the dungeon
 1147: attained the rank of Field Worker (level 3)
 2671: entered the Gnomish Mines
 2715: killed by an invisible large kobold

You didn't know any spells.

Skills:
 Fighting Skills
   bare handed combat [Unskilled]
   two weapon combat  [Unskilled]
   riding             [Unskilled]
 Weapon Skills
   dagger             [Unskilled]
   knife              [Unskilled]
   pick-axe           [Basic]
   short sword        [Unskilled]
   saber              [Unskilled]
   club               [Unskilled]
   quarterstaff       [Unskilled]
   sling              [Unskilled]
   dart               [Unskilled]
   boomerang          [Unskilled]
   whip               [Basic]
   unicorn horn       [Unskilled]
 Spellcasting Skills
   attack spells      [Unskilled]
   healing spells     [Unskilled]
   divination spells  [Unskilled]
   matter spells      [Unskilled]

Voluntary challenges:
 Character rerolling was not enabled.
 You were an atheist.
 You never genocided any monsters.
 You never polymorphed an object.
 You never changed form.
 You used no wishes.
Achievements:
 You entered a shop.
 You attained the rank of Field Worker.
 You entered the Gnomish Mines.

 The Dungeons of Doom: levels 1 to 4
    Level 1:
       A fountain, a sink, a grave.
    Level 2:
       A general store, a fountain.
    Level 3:
       A food shop, some fountains.
    Level 4: <- You were here.
       Stairs down to The Gnomish Mines.
       Final resting place for
          you, killed by an invisible large kobold.
 The Gnomish Mines:
    Level 5:


Vanquished creatures:
  a shrieker
  a floating eye
  a homunculus
  a wererat
  a werejackal
  2 gas spores
  2 hobbits
  a large kobold
  4 giant rats
  a green mold
  2 geckos
  4 jackals
  a fox
  3 goblins
  4 sewer rats
  2 grid bugs
  a bat
  2 lichens
  2 kobold zombies
  4 newts
40 creatures vanquished.

No species were genocided or became extinct.

Game over:
                       ----------
                      /          \
                     /    REST    \
                    /      IN      \
                   /     PEACE      \
                  /                  \
                  |    ARFwashere    |
                  |      47 Au       |
                  |   killed by an   |
                  | invisible large  |
                  |      kobold      |
                  |                  |
                  |       2026       |
                 *|     *  *  *      | *
        _________)/\\_//(\/(/\)/\//\/|_)_______

Goodbye ARFwashere the Archeologist...

You died in The Dungeons of Doom on dungeon level 4 with 543 points,
and 47 pieces of gold, after 2715 moves.
You were level 3 with a maximum of 28 hit points when you died.

